 Dungeon Crawl Stone Soup version 0.32-a0-120-gfac0567ad4 (webtiles) character file.

Game seed: 4668536452522236424

96 zeratav the Trooper (level 4, -5/52 HPs)
             Began as an Oni Warper on Feb 6, 2024.
             Slain by an orc
             ... wielding a +0 flail
              (8 damage)
             ... on level 3 of the Dungeon.
             The game lasted 00:07:14 (1928 turns).

zeratav the Trooper (Oni Warper)                    Turns: 1928, Time: 00:07:14

Health: -5/52      AC: 10    Str: 17    XL:     4   Next: 67%
Magic:  7/7        EV:  9    Int: 14    God:
Gold:   91         SH:  0    Dex:  8    Spells: 5/7 levels left

rFire   . . .        i - +1 dagger (protect) {short}
rCold   . . .        (no shield)
rNeg    . . .        b - +0 robe
rPois   .            (helmet restricted)
rElec   .            (no cloak)
rCorr   .            (gloves unavailable)
SInv    .            (boots unavailable)
Will    .....        (no amulet)
Stlth   +            (no ring)
HPRegen 0.28/turn    (no ring)
MPRegen 0.10/turn

%: no passive effects
@: under a protective aura
A: large, unfitting armour, horns 1, tough skin 1, double potion healing,
drunken brawling
a: no special abilities


You were on level 3 of the Dungeon.
You visited 1 branch of the dungeon, and saw 3 of its levels.

You collected 91 gold pieces.


Innate Abilities, Weirdness & Mutations

You are too large for most types of armour.
You have a pair of small horns on your head.
You have tough skin. (AC +1)
You gain doubled healing and magic from potions.
Whenever you drink a healing potion, you attack all around you.


   Skills:
 + Level 6.1 Fighting
 + Level 2.2 Maces & Flails
 - Level 1.0 Throwing
 - Level 2.1 Dodging
 - Level 2.4 Spellcasting
 - Level 2.6 Translocations


You had 5 spell levels left.
You knew the following spells:

 Your Spells              Type           Power      Damage    Failure   Level
a - Blink                 Tloc           18%        N/A       12%         2

Your spell library contained the following spells:

 Spells                   Type           Power      Damage    Failure   Level
 Lesser Beckoning         Tloc           18%        N/A       12%         2
 Teleport Other           Tloc           9%         N/A       22%         3
 Scorch                   Fire           2%         2d5       34%         2
 Manifold Assault         Tloc           9%         N/A       58%         4
 Vhi's Electric Charge    Tloc/Air       10%        N/A       78%         4
 Flame Wave               Conj/Fire      1%         2d4       92%         4
 Summon Cactus Giant      Summ           0%         N/A       100%        6

Inventory:

Hand Weapons
 a - a +0 mace {mace}
 i - a +1 dagger of protection (weapon) {short}
   (You took it off a kobold on level 1 of the Dungeon)
Missiles
 d - 7 darts of dispersal (quivered) {=fthrowing}
 g - 21 stones {throwing}
 m - 6 javelins {throwing}
 p - 6 silver javelins {throwing}
Armour
 b - a +0 robe (worn)
 f - a +0 ring mail
   (You found it on level 1 of the Dungeon)
Scrolls
 c - 2 scrolls of blinking {!r}
 e - 4 scrolls of identify {unknown}
 k - a scroll of revelation {unknown}
 l - a scroll of fog {unknown}
 o - 2 scrolls of amnesia {unknown}
 r - a scroll of poison {unknown}
Potions
 h - a potion of lignification {unknown}
 j - 4 potions of curing {unknown}
 n - a potion of heal wounds {unknown}
 q - a potion of cancellation {unknown}

Dungeon Overview and Level Annotations

Branches:
Dungeon (3/15) Zot: 16056

Altars:

.# .## .##+#### .# #..
.#...o.# ..# #. #.#
.#...#@# ..#... #.###
####.+...#)#'##"..... ....
...##.........o..... ..#
#.##...........[... †.#
#####..)..........o....
#†###................o.....
#..........................
#..........................
#..........###.............


You could see an orc.


Message History

You barely miss the orc. The orc barely misses you.
The orc hits you but does no damage.
You closely miss the orc. You headbutt the orc, but do no damage.
The orc hits you but does no damage. x2
You hit the orc but do no damage. The orc barely misses you. x2
HP[+1]
You hit the orc but do no damage. You headbutt the orc.
You kill the orc!
The orc hits you with a +0 flail.
HP[-5]
You take 5 damage, and now have 28/52 hp.
You completely miss the orc. The orc closely misses you.
The orc hits you with a +0 flail.
HP[-1]
You take 1 damage, and now have 27/52 hp.
You hit the orc but do no damage. Your punch misses the orc.
The orc hits you but does no damage. The orc hits you with a +0 flail!
* * * LOW HITPOINT WARNING * * *
HP[-6]
You take 6 damage, and now have 21/52 hp.
You barely miss the orc. You headbutt the orc.
The orc hits you but does no damage. The orc hits you with a +0 flail.
* * * LOW HITPOINT WARNING * * *
HP[-1]
You take 1 damage, and now have 20/52 hp.
You hit the orc but do no damage. The orc hits you but does no damage.
The orc hits you with a +0 flail.
* * * LOW HITPOINT WARNING * * *
HP[-4]
You take 4 damage, and now have 16/52 hp.
You closely miss the orc. You headbutt the orc.
The orc hits you but does no damage. The orc hits you with a +0 flail.
* * * LOW HITPOINT WARNING * * *
HP[-2]
You take 2 damage, and now have 14/52 hp.
You closely miss the orc. The orc hits you but does no damage.
The orc closely misses you.
HP[+1]
You hit the orc but do no damage. The orc barely misses you. x2
You hit the orc but do no damage. The orc hits you with a +0 short sword.
* * * LOW HITPOINT WARNING * * *
The orc completely misses you.
HP[-1]
You take 1 damage, and now have 14/52 hp.
You hit the orc but do no damage. You headbutt the orc, but do no damage.
The orc hits you but does no damage. The orc barely misses you.
HP[+1]
You barely miss the orc. Your headbutt misses the orc.
The orc hits you but does no damage. x2
You hit the orc but do no damage. The orc hits you but does no damage.
The orc barely misses you.
You hit the orc but do no damage. The orc closely misses you.
The orc hits you but does no damage.
You hit the orc but do no damage. The orc hits you but does no damage. x2
HP[+1]
You closely miss the orc.
You hear the slow rusting of a very distant drain.
The orc hits you with a +0 short sword.
* * * LOW HITPOINT WARNING * * *
The orc hits you but does no damage.
HP[-3]
You take 3 damage, and now have 13/52 hp.
You hit the orc but do no damage. The orc hits you but does no damage.
The orc closely misses you.
You closely miss the orc. The orc hits you but does no damage.
The orc closely misses you.
HP[+1]
You completely miss the orc. The orc hits you with a +0 short sword.
* * * LOW HITPOINT WARNING * * *
The orc closely misses you.
HP[-3]
You take 3 damage, and now have 11/52 hp.
You hit the orc. The orc closely misses you. The orc barely misses you.
You hit the orc but do no damage. You headbutt the orc, but do no damage.
The orc hits you but does no damage. The orc barely misses you.
You hit the orc. The orc hits you but does no damage.
The orc hits you with a +0 flail!
* * * LOW HITPOINT WARNING * * *
HP[-6]
You take 6 damage, and now have 5/52 hp.
You hit the orc but do no damage. The orc hits you but does no damage.
The orc completely misses you.
You hit the orc but do no damage. The orc closely misses you.
The orc hits you but does no damage.
You hit the orc but do no damage. The orc hits you but does no damage.
The orc closely misses you.
You hit the orc.
You kill the orc!
The orc hits you but does no damage.
HP[+1]
You closely miss the orc. The orc barely misses you.
You barely miss the orc. You headbutt the orc.
The orc hits you with a +0 flail.
* * * LOW HITPOINT WARNING * * *
HP[-3]
You take 3 damage, and now have 3/52 hp.
You hit the orc. The orc hits you with a +0 flail.
* * * LOW HITPOINT WARNING * * *
You hit the orc. The orc hits you with a +0 flail!
You die...

Skill      XL: |  1  2  3  4 |
---------------+-------------+-----
Fighting       | 3 4 5 6 |  6.1
Maces & Flails | |  2.2
Throwing       | |  1.0
Dodging        | |  2.1
Spellcasting   | |  2.4
Translocations | |  2.6

Action                     |  1- 3 |  4- 6 || total
---------------------------+-------+-------++-------
  Melee: Mace              |    51 |       ||    51
         Headbutt          |    15 |    21 ||    36
         Dagger            |   105 |   130 ||   235
         Punch             |     5 |     4 ||     9
   Stab: Sleeping          |     1 |       ||     1
 Armour: Robe              |   100 |   120 ||   220
  Dodge: Dodged            |    72 |    54 ||   126

Levels and vault maps discovered:
D:1:      sevenhm_arrival_forest_fort_small_2, layout_basic,
          hellmonk_ecumenical_altar_pennies_from_heaven
D:2:      layout_rooms, minmay_misc_feat_enclosed
D:3:      layout_basic, cheibrodos_sewer_entry_bend, minivault_5

Notes
Turn   | Place    | Note
-------+----------+-------------------------------------------
     0 | D:1      | zeratav the Oni Warper began the quest for the Orb.
     0 | D:1      | Reached XP level 1. HP: 22/22 MP: 3/3
     0 | D:1      | magus.rc [v1.9.6]
     6 | D:1      | Noticed an anaconda
    19 | D:1      | Reached skill level 3 in Fighting
    72 | D:1      | Reached XP level 2. HP: 30/31 MP: 5/5
   197 | D:1      | Found a faded altar of an unknown god.
   249 | D:1      | Reached skill level 4 in Fighting
   369 | D:1      | Learned a level 2 spell: Blink
   503 | D:1      | Reached XP level 3. HP: 38/40 MP: 6/6
   545 | D:1      | Noticed a five-headed hydra
   995 | D:1      | Reached skill level 5 in Fighting
  1286 | D:2      | Reached XP level 4. HP: 49/50 MP: 7/7
  1395 | D:2      | You pick up a book of Scorching and begin reading...
  1395 | D:2      | You add the spells Scorch, Flame Wave and Summon Cactus
                  | Giant to your library.
  1482 | D:2      | Reached skill level 6 in Fighting
  1914 | D:3      | HP: 13/52 [orc/+0 short sword (3)]
  1920 | D:3      | HP: 5/52 [orc/+0 flail (7)]
  1926 | D:3      | HP: 3/52 [orc/+0 flail (3)]
  1928 | D:3      | Slain by an orc

Vanquished Creatures
  2 adders (D:2)
  2 dart slugs
  A ribbon worm (D:2)
  6 orcs (D:3)
  5 bats
  8 endoplasms
  4 giant cockroaches
  4 goblins (D:1)
  4 hobgoblins
  3 jackals (D:2)
  A quokka (D:1)
  8 ball pythons
  4 frilled lizards (D:1)
  4 kobolds
  6 rats
62 creatures vanquished.

Table legend:
 A = Non-vault XP
 B = Vault XP
 C = Vault XP percentage of total XP
 D = Non-vault monster count
 E = Vault monster count
 F = Vault count percentage of total count
                 A         B        C        D         E       F
            +---------+---------+-------+---------+---------+-------
      Total |     138 |       0 |   0.0 |      62 |       0 |   0.0
            +---------+---------+-------+---------+---------+-------
        D:1 |      54 |       0 |   0.0 |      33 |       0 |   0.0
        D:2 |      61 |       0 |   0.0 |      20 |       0 |   0.0
        D:3 |      23 |       0 |   0.0 |       9 |       0 |   0.0
            +---------+---------+-------+---------+---------+-------

Skill      XL: |  1  2  3  4 |
---------------+-------------+-----
Fighting       | 3 4 5 6 |  6.1
Maces & Flails | |  2.2
Throwing       | |  1.0
Dodging        | |  2.1
Spellcasting   | |  2.4
Translocations | |  2.6

Action                     |  1- 3 |  4- 6 || total
---------------------------+-------+-------++-------
  Melee: Mace              |    51 |       ||    51
         Headbutt          |    15 |    21 ||    36
         Dagger            |   105 |   130 ||   235
         Punch             |     5 |     4 ||     9
   Stab: Sleeping          |     1 |       ||     1
 Armour: Robe              |   100 |   120 ||   220
  Dodge: Dodged            |    72 |    54 ||   126

Illustrated notes

Table legend:
 A = Kills in this place as a percentage of kills in the entire game.
 B = Kills by you in this place as a percentage of kills by you in the entire game.
 C = Kills by friends in this place as a percentage of kills by friends in the entire game.
 D = Other kills in this place as a percentage of other kills in the entire game.
 E = Experience gained in this place as a percentage of experience gained in the entire game.
 F = Experience gained in this place divided by the number of levels of this place that you have seen.
                   A       B       C       D       E      F
               +-------+-------+-------+-------+-------+----------------------
         Total | 100.0 | 100.0 |   N/A |   N/A | 100.0 |  46.0
       Dungeon | 100.0 | 100.0 |   N/A |   N/A | 100.0 |  46.0
               +-------+-------+-------+-------+-------+----------------------

Table legend: (Time is in decaauts)
 A = Elapsed time spent in this place.
 B = Non-inter-level travel time spent in this place.
 C = Inter-level travel time spent in this place.
 D = Time resting spent in this place.
 E = Time spent auto-exploring this place.
 F = Levels seen in this place.
 G = Mean time per level.
                   A        B        C        D        E       F      G
               +--------+--------+--------+--------+--------+-----+--------+
         Total |   1942 |   1901 |     41 |     73 |   1192 |   3 |  647.3 |
       Dungeon |   1942 |   1901 |     41 |     73 |   1192 |   3 |  647.3 |
               +--------+--------+--------+--------+--------+-----+--------+

Top non-repeatable levels by time:
     D:1: 1067 daAuts
     D:2: 759 daAuts
     D:3: 114 daAuts
